 Dungeon Crawl Stone Soup version 0.25-a0-565-g8875c97ebb (webtiles) character file.

Game seed: 10008651445804939560, levelgen mode: deterministic

8623 MisterFreud the Nimble (level 11, -11/55 HPs)
             Began as a Felid Berserker on Feb 26, 2020.
             Was the Champion of Trog.
             Killed from afar by a swamp worm (16 damage)
             ... with a harpoon shot
             ... on level 4 of the Lair of Beasts.
             The game lasted 00:31:18 (16300 turns).

MisterFreud the Nimble (Felid Berserker)           Turns: 16300, Time: 00:31:19

Health: -11/55     AC:  2    Str: 13    XL:     11   Next: 12%
Magic:  18/18      EV: 31    Int:  9    God:    Trog [******]
Gold:   972        SH:  0    Dex: 19    Spells: 10/10 levels left
                                        Lives:  0   Deaths: 2

rFire    . . .     SeeInvis +     - Unarmed
rCold    . . .     Gourm    .   (shield unavailable)
rNeg     . . .     Faith    .   (armour unavailable)
rPois    +         Spirit   .   (helmet unavailable)
rElec    .         Reflect  .   (cloak unavailable)
rCorr    .         Harm     .   (gloves unavailable)
MR       ++...                  (boots unavailable)
Stlth    +++++.....             w - amulet of regeneration
HPRegen  0.58/turn              q - ring of protection from magic
MPRegen  0.16/turn              h - ring of poison resistance

@: berserk cooldown, slowed, slow
A: very small, no armour, no weapons or thrown items, stealth, claws 1, fangs 3,
see invisible, carnivore, speed 1, shaggy fur 2, slow metabolism 1, sharp paws
a: Berserk, Trog's Hand, Brothers in Arms, Renounce Religion


You were on level 4 of the Lair of Beasts.
You worshipped Trog.
Trog was exalted by your worship.
You were not hungry.

You visited 2 branches of the dungeon, and saw 14 of its levels.

You collected 972 gold pieces.

Inventory:

Jewellery
 b - an uncursed ring of protection from fire
 h - a ring of poison resistance (right paw)
 m - a +1 ring of protection
 q - a ring of protection from magic (left paw)
 w - an amulet of regeneration (around neck)
 x - an uncursed amulet of magic regeneration
 y - an uncursed amulet of rage
 A - an uncursed ring of positive energy
Wands
 c - a wand of enslavement (15)
 j - a wand of random effects (37)
 l - a wand of paralysis (5)
 t - a wand of disintegration (16)
 v - a wand of polymorph (15)
 z - a wand of flame (14)
Scrolls
 f - 7 scrolls of teleportation
 o - 8 scrolls of remove curse
 r - a scroll of blinking
 s - a scroll of fog
 u - 4 scrolls of magic mapping
 C - a scroll of identify
 D - a scroll of fear
Potions
 d - a potion of magic
 e - 3 potions of stabbing
 g - 6 potions of curing
 i - 3 potions of ambrosia
 k - 5 potions of brilliance
 n - a potion of haste
 p - a potion of mutation
 B - a potion of flight
 E - a potion of lignification
Comestibles
 a - 24 rations


   Skills:
 + Level 11.4 Fighting
 + Level 13.9 Dodging
 - Level 10.1 Stealth
 + Level 11.5 Unarmed Combat
 - Level 8.0 Evocations


You had 10 spell levels left.
You didn't know any spells.
Your spell library was empty.

Dungeon Overview and Level Annotations

Branches:
Dungeon (10/15)            Temple (0/1) D:7            Lair (4/6) D:9
  Swamp (0/4) Lair:4        Snake (0/4) Lair:4
    Orc: D:9-12

Altars:
Kikubaaqudgha
Makhleb
Sif Muna
The Shining One

Annotations:
D:7 3 runed translucent doors, SamuraiZach's ghost, novice TrBe
D:10 3 runed translucent doors, derval's ghost, journeyman MfIE
Lair:1 3 runed translucent doors, Ycsot's ghost, journeyman KoHu


Innate Abilities, Weirdness & Mutations

You cannot wear armour.
You are incapable of wielding weapons or throwing items.
Your paws allow you to move quietly. (Stealth)
You have sharp claws.
You have razor-sharp teeth.
You have supernaturally acute eyesight. (SInv)
You are carnivorous and can eat meat at any time.
You cover ground quickly.
You are covered in thick fur. (AC +2)
You have a slow metabolism.
Your sharp claws are effective at attacking unaware monsters.


Message History

Your unstable footing causes you to fumble your attack.
You scratch the swamp worm but do no damage.
Your bite misses the swamp worm. The swamp worm bites you!!
* * * LOW HITPOINT WARNING * * *
The swamp worm bites you!
* * * LOW HITPOINT WARNING * * *
You scratch the swamp worm.
The swamp worm is lightly wounded.
The swamp worm closely misses you.
Your unstable footing causes you to fumble your attack.
The swamp worm completely misses you.
You mangle the swamp worm!!
The swamp worm is almost dead.
The swamp worm misses you. The swamp worm completely misses you.
You are no longer berserk.
You are exhausted.
You feel yourself slow down.
The swamp worm fires a harpoon shot at you.
The harpoon shot hits you!
You die...

...###.......#.#..............>..
..#.#..........#.................
...#................(.....#......
..#.#.........#...........#......
..###.........#...........###...#
..###...........♣♣♣♣♣♣♣♣.........
..#........♣♣♣♣♣♣♣♣♣♣♣♣♣♣♣♣♣.....
...P.....♣♣♣≈≈≈≈♣≈≈≈≈≈≈≈§§ ♣♣[...
.....#..⌠)....♣.@.....♣§§§ ♣....
...P#...⌠...♣...♣.♣wn.§§§§ ♣....
#####....♣♣♣≈≈≈≈≈≈w≈≈§♣§ ♣♣....
.###.......♣♣♣♣♣♣♣♣♣♣♣♣ ♣♣♣♣.....
....÷...........♣♣♣♣♣♣♣♣♣.♣......
.................................
.................................
.................................
...........................†.....


You could see a bog body and 2 swamp worms.

Vanquished Creatures
  A hydra (Lair:4)
  Erica (Lair:2)
  2 black mambas
  7 spiny frogs
  A rime drake (Lair:3)
  5 komodo dragons
  A meliai (Lair:4)
  A polar bear (Lair:3)
  A troll (D:9)
  8 blink frogs (Lair:3)
  6 dream sheep (Lair:4)
  2 bog bodies (Lair:4)
  4 hippogriffs
  Sigmund (D:6)
  12 yaks
  2 basilisks
  3 wyverns
  A swamp worm (Lair:4)
  Menkaure (D:4)
  4 nagas (Lair:4)
  A soldier ant (D:10)
  9 porcupines
  9 water moccasins
  5 sky beasts
  3 orc warriors
  12 ice beasts
  A black bear (Lair:4)
  An ogre (D:5)
  4 phantoms
  5 wolves
  8 crocodiles
  5 centaurs
  3 big kobolds
  14 bullfrogs
  A wyvern zombie (D:10)
  A scorpion (D:9)
  24 killer bees
  5 wights (D:10)
  5 howler monkeys
  7 crimson imps
  A quasit (D:5)
  2 hounds
  8 orc priests
  6 jellies
  7 orc wizards
  A bullfrog skeleton (D:5)
  A gnoll shaman (D:6)
  Terence (D:2)
  3 iguanas
  10 worker ants
  A hound zombie (D:5)
  A hound skeleton (D:10)
  2 worker ant zombies
  6 gnolls
  13 adders
  A river rat (D:3)
  2 shadow imps
  2 oozes
  6 adder skeletons
  An adder zombie (D:7)
  8 worms
  3 dart slugs
  7 leopard geckos
  38 orcs
  4 bats (D:2)
  7 giant cockroaches
  12 goblins
  10 hobgoblins
  7 jackals
  17 kobolds
  2 quokkas
  3 ball pythons
  8 frilled lizards
  A quokka skeleton (D:7)
  7 rats
396 creatures vanquished.

Vanquished Creatures (others)
  2 plants (Lair:4)
2 creatures vanquished.

Grand Total: 398 creatures vanquished

Notes
Turn   | Place    | Note
-------+----------+-------------------------------------------
     0 | D:1      | MisterFreud the Felid Berserker began the quest for the
                  | Orb.
     0 | D:1      | Reached XP level 1. HP: 10/10 MP: 2/2
   338 | D:1      | Reached XP level 2. HP: 14/14 MP: 3/3
  1295 | D:2      | Reached XP level 3. HP: 14/18 MP: 4/4
  1587 | D:2      | Reached ** piety under Trog
  1669 | D:2      | Reached XP level 4. HP: 17/22 MP: 5/5
  1670 | D:2      | Reached skill level 5 in Fighting
  2012 | D:2      | Noticed Terence
  2026 | D:2      | Killed Terence
  2304 | D:3      | Reached XP level 5. HP: 25/27 MP: 6/6
  2400 | D:3      | You fall into a shaft and drop 3 floors!
  2438 | D:6      | Found a glowing golden altar of the Shining One.
  2440 | D:6      | Noticed Sigmund
  2453 | D:6      | Killed Sigmund
  2453 | D:6      | Gained mutation: You are covered in thick fur. (AC +2)
                  | [Felid growth]
  2453 | D:6      | Reached XP level 6. HP: 33/33 MP: 7/7
  2532 | D:5      | Entered Level 5 of the Dungeon
  2582 | D:5      | Reached *** piety under Trog
  2607 | D:4      | Reached skill level 1 in Stealth
  2722 | D:4      | Noticed Menkaure
  2734 | D:4      | Killed Menkaure
  2893 | D:3      | Reached XP level 7. HP: 36/36 MP: 8/8
  2897 | D:3      | Reached skill level 5 in Dodging
  4298 | D:5      | Reached **** piety under Trog
  4298 | D:5      | Reached skill level 6 in Dodging
  4374 | D:5      | Reached skill level 5 in Stealth
  4399 | D:5      | Reached XP level 8. HP: 40/40 MP: 9/9
  4412 | D:5      | Reached skill level 5 in Unarmed Combat
  4533 | D:5      | Reached skill level 7 in Dodging
  5018 | D:5      | Found an ancient bone altar of Kikubaaqudgha.
  5100 | D:6      | Reached skill level 8 in Dodging
  5241 | D:6      | Reached skill level 9 in Dodging
  5581 | D:7      | Found a runed translucent gate.
  5582 | D:7      | Found a runed translucent gate.
  5582 | D:7      | Found a runed translucent gate.
  5584 | D:7      | Noticed SamuraiZach's ghost (novice TrBe)
  5654 | D:7      | Reached skill level 10 in Dodging
  5655 | D:7      | Reached XP level 9. HP: 29/43 MP: 10/10
  5867 | D:7      | Reached skill level 1 in Evocations
  6176 | D:7      | Reached ***** piety under Trog
  6555 | D:7      | Found a staircase to the Ecumenical Temple.
  7433 | D:8      | Reached skill level 11 in Dodging
  7577 | D:8      | Found a shimmering blue altar of Sif Muna.
  7778 | D:9      | HP: 2/44 [orc priest/divine providence (13)]
  8306 | D:9      | Reached XP level 10. HP: 17/48 MP: 14/14
  8881 | D:9      | Reached skill level 5 in Evocations
  9115 | D:9      | Found a staircase to the Lair.
  9563 | D:10     | Entered Level 10 of the Dungeon
  9748 | D:10     | Found a burning altar of Makhleb.
  9757 | D:10     | Reached skill level 12 in Dodging
 10212 | D:10     | Found a runed translucent gate.
 10225 | D:10     | Found a runed translucent gate.
 10225 | D:10     | Noticed a spectral centaur warrior
 10226 | D:10     | Found a runed translucent gate.
 10231 | D:10     | Noticed derval's ghost (journeyman MfIE)
 10654 | Lair:1   | Entered Level 1 of the Lair of Beasts
 10654 | Lair:1   | Found a runed translucent gate.
 10654 | Lair:1   | Found a runed translucent gate.
 10654 | Lair:1   | Found a runed translucent gate.
 10669 | Lair:1   | Noticed Ycsot's ghost (journeyman KoHu)
 10865 | Lair:1   | Noticed a spiny frog
 10876 | Lair:1   | Killed a spiny frog
 10960 | Lair:1   | Reached skill level 10 in Fighting
 10964 | Lair:1   | Reached XP level 11. HP: 35/54 MP: 15/15
 10987 | Lair:1   | HP: 1/54 [wolf (11)]
 11223 | Lair:1   | Reached skill level 10 in Unarmed Combat
 12162 | Lair:2   | Reached ****** piety under Trog
 13265 | Lair:2   | Noticed Erica
 13277 | Lair:2   | Killed Erica
 14073 | Lair:3   | Reached skill level 10 in Stealth
 14272 | Lair:3   | HP: 2/54 [blink frog (7)]
 14288 | Lair:3   | Mangled by a blink frog
 14289 | Lair:3   | Reached XP level 10. HP: -8/51 MP: 17/17
 14929 | Lair:3   | Reached XP level 11. HP: 39/54 MP: 18/18
 15475 | Lair:4   | Noticed a five-headed hydra
 15482 | Lair:4   | Killed a five-headed hydra
 15525 | Lair:4   | Found a staircase to the Snake Pit.
 15551 | Lair:4   | Reached skill level 13 in Dodging
 16150 | Lair:4   | Killed from afar by a bog body
 16151 | Lair:4   | Reached XP level 10. HP: -5/52 MP: 17/17
 16170 | Lair:4   | Reached XP level 11. HP: 55/55 MP: 18/18
 16282 | Lair:4   | Found a staircase to the Swamp.
 16295 | Lair:4   | HP: 4/82 [swamp worm (16)]
 16300 | Lair:4   | Killed from afar by a swamp worm

Levels and vault maps discovered:
D:1:      ncdulo_smallfort, layout_basic
D:2:      layout_loops_ring, minmay_domino_4, uniq_terence
D:3:      layout_basic, portal_sewer_entry_b
D:4:      layout_rooms, uniq_menkaure
D:5:      layout_basic, lemuel_coloured_pillars_altar, first_ration
D:6:      layout_rooms, basic_altar, uniq_sigmund
D:7:      layout_loops_corners, minmay_temple_entry_poolview,
          gammafunk_ghost_necromancy
D:8:      layout_basic, basic_altar
D:9:      minmay_chambers_of_sixes, layout_irregular_city, lair_entry_dummy
D:10:     layout_loops_ring, gammafunk_ghost_necromancy, bloody_makhleb
Lair:1:   layout_chaotic_city, gammafunk_ghost_split,
          chequers_serial_rivers_micro_a, grunt_megastairs_1
Lair:2:   layout_hall_layers, portal_ice_cave_entry_ice_beasts, uniq_erica
Lair:3:   layout_gridlike
Lair:4:   regret_index_harrowing_hell_hive, layout_hall_layers,
          nicolae_swamp_entry_splash_gauntlet,
          minmay_snake_entry_guardpost_small, st_stairs_5, beast_lair_carwin_11

Skill      XL: |  1  2  3  4  5  6  7  8  9 10 11 |
---------------+----------------------------------+-----
Fighting       | 4 5 7 8 10 11 | 11.4
Stealth        | 2 5 6 10 | 10.1
Dodging        | 6 10 11 12 13 | 13.9
Unarmed Combat | 4 6 7 9 11 | 11.5
Evocations     | 4 5 8 |  8.0

Action                   |  1- 3 |  4- 6 |  7- 9 | 10-12 || total
-------------------------+-------+-------+-------+-------++-------
Melee: Unarmed           |   104 |   134 |   445 |   709 ||  1392
       Bite              |     8 |    17 |    56 |    97 ||   178
       Punch             |     3 |     2 |     8 |    32 ||    45
Invok: Berserk           |     6 |     5 |    13 |    26 ||    50
       Trog's Hand       |       |       |     2 |    11 ||    13
Evoke: Wand              |       |       |     1 |       ||     1
  Use: Scroll            |       |     4 |     9 |    14 ||    27
       Potion            |       |       |       |     3 ||     3
 Stab: Sleeping          |     2 |     5 |    24 |    37 ||    68
       Distracted        |       |       |     3 |     2 ||     5
  Eat: Chunk             |    11 |    10 |    22 |    49 ||    92
Armor: Skin              |     2 |     5 |    18 |    15 ||    40
Dodge: Dodged            |    73 |    88 |   328 |   678 ||  1167

Table legend:
 A = Non-vault XP
 B = Vault XP
 C = Vault XP percentage of total XP
 D = Non-vault monster count
 E = Vault monster count
 F = Vault count percentage of total count
                 A         B        C        D         E       F
            +---------+---------+-------+---------+---------+-------
      Total |   24144 |    8957 |  27.1 |     339 |      57 |  14.4
            +---------+---------+-------+---------+---------+-------
        D:1 |      33 |       0 |   0.0 |      21 |       0 |   0.0
        D:2 |     117 |      44 |  27.3 |      30 |       4 |  11.8
        D:3 |     142 |      21 |  12.9 |      33 |       4 |  10.8
        D:4 |     327 |     172 |  34.5 |      10 |       1 |   9.1
        D:5 |    1136 |       0 |   0.0 |      27 |       0 |   0.0
        D:6 |     230 |     223 |  49.2 |       9 |       1 |  10.0
        D:7 |    1373 |       0 |   0.0 |      39 |       0 |   0.0
        D:8 |    1348 |       0 |   0.0 |      27 |       0 |   0.0
        D:9 |    1533 |     738 |  32.5 |      32 |       6 |  15.8
       D:10 |    2054 |       0 |   0.0 |      36 |       0 |   0.0
     Lair:1 |    3789 |     730 |  16.2 |      20 |       6 |  23.1
     Lair:2 |    1488 |    1261 |  45.9 |      10 |       4 |  28.6
     Lair:3 |    5114 |      90 |   1.7 |      25 |       1 |   3.8
     Lair:4 |    5460 |    5678 |  51.0 |      20 |      30 |  60.0
            +---------+---------+-------+---------+---------+-------
